cohdb
Replays
Latest Replays
All Replays
Popular Replays
Top Player Replays
Match Explorer
How It Works
Community
CoH3 Stats
Reddit
Sign in to upload your games and track your stats! →
Sign in with Steam
Match 26742362
Unlisted
Match 26742362
Overview
Messages
Build Orders
End
Construct Barracks
Riflemen Squad
Selects Armored Battlegroup
1⁄4-ton 4x4 Truck
Riflemen Squad
Selects Veteran Crews
Infantry Support Center
Riflemen Squad
M1918 Browning Automatic Rifles
Construct Medical Station
Munitions Surplus
Selects Field Repairs
Riflemen Squad
Construct Motor Pool
ConcernedApe
pineapple the fruit dude
反内卷办公室主任
Seondeok
0
0
Comments
sign in to comment!
No comments posted yet!